 Dungeon Crawl Stone Soup version 0.28-a0-60-g54b5640690 (webtiles) character file.

Game seed: 10196054025365229167

95 Demosthentine the Poker (level 4, -2/35 HPs)
             Began as a Merfolk Gladiator on July 30, 2021.
             Slain by a water moccasin (5 damage)
             ... on level 6 of the Dungeon.
             The game lasted 00:01:50 (2510 turns).

Demosthentine the Poker (Merfolk Gladiator)         Turns: 2510, Time: 00:01:50

Health: -2/35      AC:  4    Str: 15    XL:     4   Next: 66%
Magic:  4/4        EV: 13    Int:  7    God:
Gold:   126        SH:  0    Dex: 15    Spells: 3/3 levels left

rFire   . . .      SeeInvis .   a - +0 trident
rCold   . . .      Faith    .   (no shield)
rNeg    + . .      Spirit   .   b - +0 leather armour
rPois   .          Reflect  .   c - +0 helmet
rElec   .          Harm     .   (no cloak)
rCorr   .          Rampage  .   (no gloves)
Will    .....                   (no boots)
Stlth   +.........              (no amulet)
HPRegen 0.11/turn               g - ring of positive energy
MPRegen 0.09/turn               (no ring)

@: lethally poisoned (-2 -> -3), weak-willed
A: (nimble swimmer 2), mertail
a: no special abilities


You were on level 6 of the Dungeon.
You visited 1 branch of the dungeon, and saw 4 of its levels.

You collected 126 gold pieces.

Inventory:

Hand Weapons
 a - a +0 trident (weapon)
Missiles
 d - 5 throwing nets (quivered)
Armour
 b - a +0 leather armour (worn)
 c - a +0 helmet (worn)
Jewellery
 g - a ring of positive energy (left hand)
 k - a ring of fire
Scrolls
 j - 2 scrolls of identify
Potions
 e - a potion of curing
 f - a potion of attraction {unknown}
 h - 2 potions of might {unknown}
 i - 2 potions of heal wounds {unknown}
 m - a potion of berserk rage {unknown}
 o - 2 potions of mutation {unknown}


   Skills:
 + Level 3.1 Fighting
 + Level 5.4 Polearms
 - Level 2.0 Throwing
 + Level 1.2 Armour
 + Level 4.9 Dodging


You had 3 spell levels left.
You didn't know any spells.
Your spell library contained the following spells:

 Spells                   Type           Power      Damage    Failure   Level
 Freeze                   Ice            0%         1d3       50%         1
 Frozen Ramparts          Ice            0%         1d2       86%         3
 Hailstorm                Conj/Ice       0%         3d3       99%         4


Dungeon Overview and Level Annotations

Branches:
Dungeon (3/15)

Altars:
Dithmenos


Innate Abilities, Weirdness & Mutations

((You are quick and stealthy near water. (Stealth+, EV+, Speed+++)))
Your lower body shifts to a powerful aquatic tail in water.


Message History

It was a scroll of immolation.
The water moccasin barely misses you.
As you read the scroll labelled DOINWEZ OHUJA, it crumbles to dust.
It is a scroll of amnesia.
You feel forgetful for a moment. The water moccasin barely misses you.
The water moccasin bites you. The scorpion closely misses you.
Unknown command.
An iguana comes into view.
The iguana hisses angrily.
The scorpion stings you.
Unknown command.
The water moccasin bites you. The scorpion stings you.
Unknown command.
Unknown command.
The water moccasin bites you.
Unknown command.
The scorpion stings you.
Unknown command.
The bullfrog zombie hits you. The water moccasin bites you.
You are poisoned.
The water moccasin poisons you!
Unknown command.
* * * LOW HITPOINT WARNING * * *
You feel sick.
Unknown command.
* * * LOW HITPOINT WARNING * * *
You feel sick.
Unknown command.
You feel sick. The water moccasin closely misses you.
Unknown command.
You feel sick.
Unknown command.
You feel sick.
The water moccasin completely misses you.
Unknown command.
You feel sick.
Found a sedimented cyan potion.
Unknown command.
You feel sick. The water moccasin bites you.
You die...

##....! #.....# .... #
#..... ... ###.#....#
##..## . #........##
#....###. #.........###
#........
#....##...Zl###........
#..##..Ss##..##........
###.....@####..l.........
........## .##...........
#.......#......(........
#.......##..............
+.#...........#......###
# #...........##.......#
####......#...##.......#
#.........#..###........
...###...>...........#...


You could see a water moccasin (inner flame, weak-willed), a scorpion (inner
flame, weak-willed), an iguana and a bullfrog zombie (inner flame).

Vanquished Creatures
  A gnoll (D:1)
  3 adders
  2 worms (D:2)
  A dart slug (D:2)
  4 bats
  7 endoplasms
  2 giant cockroaches
  6 goblins
  3 hobgoblins
  2 quokkas
  7 ball pythons
  A frilled lizard (D:2)
  4 kobolds
  4 rats
47 creatures vanquished.

Notes
Turn   | Place    | Note
-------+----------+-------------------------------------------
     0 | D:1      | Demosthentine the Merfolk Gladiator began the quest for the
                  | Orb.
     0 | D:1      | Reached XP level 1. HP: 16/16 MP: 1/1
   291 | D:1      | Reached XP level 2. HP: 23/23 MP: 2/2
   652 | D:1      | Reached XP level 3. HP: 23/28 MP: 3/3
  1240 | D:2      | Reached skill level 5 in Polearms
  1503 | D:2      | Reached skill level 1 in Armour
  1655 | D:2      | Found a faded altar of an unknown god.
  1681 | D:2      | Reached XP level 4. HP: 28/34 MP: 4/4
  1844 | D:2      | Found a shadowy altar of Dithmenos.
  2464 | D:3      | You fall into a shaft and drop 3 floors!
  2490 | D:6      | Noticed a water moccasin
  2491 | D:6      | Noticed a scorpion
  2510 | D:6      | Slain by a water moccasin

Illustrated notes

Levels and vault maps discovered:
D:1:      erik_arrival_orb_chamber, layout_basic
D:2:      layout_rooms, chequers_ecumenical_altar_island, basic_altar,
          hangedman_decor_peaks_small
D:3:      layout_loops_ring, ebering_ghost_disaster_area,
          guppyfry_early_lair_pool
D:6:      layout_cave_pools, nicolae_gozag_cash_rules_everything_around_me,
          serial_park_tiny_1, corexii_checkpoint_a, roderic_serpentine_path,
          minmay_misc_feat_chi, grunt_decor_junction

Skill      XL: |  1  2  3  4 |
---------------+-------------+-----
Polearms       | 5 |  5.4
Armour         | 1 |  1.2
Fighting       | 3 |  3.1
Throwing       | |  2.0
Dodging        | |  4.9

Action                   |  1- 3 |  4- 6 || total
-------------------------+-------+-------++-------
Melee: Trident           |   125 |    45 ||   170
  Use: Scroll            |     1 |     5 ||     6
 Stab: Sleeping          |     3 |     1 ||     4
Armor: Leather armour    |    23 |    12 ||    35
Dodge: Dodged            |    64 |    23 ||    87

Table legend: (Time is in decaauts)
 A = Elapsed time spent in this place.
 B = Non-inter-level travel time spent in this place.
 C = Inter-level travel time spent in this place.
 D = Time resting spent in this place.
 E = Time spent auto-exploring this place.
 F = Levels seen in this place.
 G = Mean time per level.
                   A        B        C        D        E       F      G
               +--------+--------+--------+--------+--------+-----+--------+
         Total |   2507 |   2471 |     36 |      0 |   2088 |   4 |  626.8 |
       Dungeon |   2507 |   2471 |     36 |      0 |   2088 |   4 |  626.8 |
               +--------+--------+--------+--------+--------+-----+--------+

Top non-repeatable levels by time:
     D:1: 1218 daAuts
     D:2: 997 daAuts
     D:3: 245 daAuts
     D:6: 46 daAuts
